Map: Oxide LE

Players

A.I. 1 (Very Easy) - Winner!

  • Race: Terran Terran
  • Spawn Location: 7:00

Doubt

  • Race: Zerg Zerg
  • League: Platinum
  • Spawn Location: 1:00

VOD

Have the link to the VOD?

Description

Basic no pressure timings

Time

  • Played on: Oct. 1, 2020, 5:28 a.m.
  • Length: 7:28
Show
View Real Time Build Order
Export as new Build Order

A.I. 1 (Very Easy) Terran - Winner!

Build Orders:  

Get SALT Encoding   

  12  0:00  SCV  
  13  0:13  SCV  
  14  0:18  Supply Depot  
  14  0:37  Refinery  
  14  0:43  Barracks  
  14  1:03  Supply Depot  
  14  1:14  SCV  
  15  1:26  SCV  
  15  1:29  Marine  
  17  1:38  SCV  
  18  1:49  Reaper  
  18  1:50  SCV  
  20  2:02  SCV  
  21  2:14  SCV  
  22  2:27  Orbital Command  
  22  4:35  SCV  
  22  4:36  Marine  
  22  4:38  Refinery  
  24  4:40  Factory  
  24  4:42  Supply Depot  
  24  4:48  SCV  
  25  5:03  SCV  
  25  5:05  Supply Depot  
  26  5:12  Marine  
  27  5:15  SCV  
  28  5:27  SCV  
  29  5:29  Starport  
  29  5:49  Barracks Tech Lab  
  28  6:02  Command Center  
  27  6:06  Starport Tech Lab  
  27  6:07  Marine  
  28  6:26  Raven  
  30  6:44  Marauder  
  35  7:15  SCV  
  36  7:24  Refinery  
  36  7:27  Refinery  
Show
View Real Time Build Order
Export as new Build Order

Doubt Zerg 

Build Orders: Hatch First 

Get SALT Encoding   

  12  0:00  Drone  
  13  0:13  Overlord  
  13  0:17  Drone  
  14  0:31  Drone x2  
  14  0:35  Drone  
  17  0:55  Hatchery  
  16  0:57  Drone  
  17  1:08  Drone  
  18  1:14  Spawning Pool  
  17  1:23  Extractor  
  17  1:24  Drone  
  18  1:25  Drone  
  18  1:32  Drone  
  19  1:48  Overlord  
  19  1:56  Drone  
  20  2:01  Queen  
  22  2:09  Queen  
  22  2:11  Drone x2  
  22  2:12  Drone  
  27  2:28  Metabolic Boost  
  27  2:34  Drone  
  27  2:35  Drone x2  
  27  2:36  Overlord  
  30  2:58  Queen  
  30  2:59  Queen  
  30  3:02  Hatchery  
  30  3:05  Drone x2  
  35  3:10  Drone x2  
  38  3:12  Drone  
  38  3:23  Drone  
  38  3:24  Drone x2  
  41  3:27  Extractor  
  41  3:28  Overlord  
  40  3:38  Spore Crawler  
  40  3:40  Spore Crawler  
  38  3:42  Drone x3  
  38  3:46  Drone x3  
  38  3:47  Overlord  
  44  3:58  Extractor  
  44  4:02  Roach Warren  
  42  4:07  Evolution Chamber, Drone  
  42  4:08  Extractor, Drone x2  
  43  4:12  Zergling x4  
  43  4:14  Queen  
  47  4:20  Lair  
  47  4:29  Drone x3  
  47  4:30  Drone x2  
  52  4:31  Drone  
  53  4:42  Drone  
  53  4:43  Drone x2  
  53  4:44  Drone  
  57  4:52  Zerg Missile Weapons Level 1  
  57  4:57  Overlord x2  
  57  5:12  Drone x2  
  59  5:15  Extractor, Overlord x2  
  59  5:16  Extractor  
  59  5:20  Spine Crawler  
  59  5:21  Spore Crawler  
  55  5:36  Glial Reconstitution  
  55  5:41  Spire, Roach x4  
  55  5:42  Roach x5  
  72  5:47  Drone x3  
  75  5:51  Overseer  
  74  6:14  Drone x3  
  74  6:15  Drone x2  
  74  6:16  Drone x3  
  74  6:17  Drone x3  
  85  6:33  Drone x2  
  85  6:34  Drone, Overlord  
  85  6:35  Overlord x2  
  88  6:47  Hydralisk Den  
  88  6:52  Evolution Chamber  
  86  6:56  Mutalisk  
  86  6:57  Mutalisk x7  
  102  7:01  Mutalisk x2  
Tags
 
League
Platinum
Matchup
TvZ
Spawn Locations
Cross Positions
Add a new tag
Caveats
  • Supply blocks, unpowered buildings, or Contaminate may cause inaccurate times.
  • Supply counts are checked every 10 seconds.